 Dungeon Crawl Stone Soup version 0.21-a0-509-gecc5317 (webtiles) character file.

597 Laiders the Cudgeler (level 7, -2/35 HPs)
             Began as a Vine Stalker Fighter on Nov 30, 2017.
             Killed from afar by an orc wizard (5 damage)
             ... with a puff of frost
             ... on level 5 of the Dungeon.
             The game lasted 00:10:39 (2892 turns).

Laiders the Cudgeler (Vine Stalker Fighter)         Turns: 2892, Time: 00:10:39

Health: -2/35      AC:  8    Str: 18    XL:     7   Next: 40%
Magic:  0/12       EV:  7    Int: 10    God:
Gold:   178        SH:  9    Dex: 14    Spells: 12/12 levels left

rFire    . . .     SeeInvis .   a - +0 flail
rCold    . . .     Gourm    .   c - +0 shield
rNeg     . . .     Faith    .   b - +0 scale mail
rPois    .         Spirit   +   t - +0 helmet
rElec    .         Reflect  .   (no cloak)
rCorr    .         Harm     .   d - +0 pair of gloves
MR       .....                  (no boots)
Stlth    ..........             (no amulet)
HPRegen  0.51/turn              (no ring)
MPRegen  0.13/turn              (no ring)

@: very slightly contaminated, invisible
A: fangs 2, regeneration 1, magic shield, antimagic bite, no potion heal 3, rot
immunity
a: no special abilities


You were on level 5 of the Dungeon.
You were not hungry.

You visited 1 branch of the dungeon, and saw 5 of its levels.

You collected 178 gold pieces.

Inventory:

Hand Weapons
 a - a +0 flail (weapon)
Missiles
 y - 5 tomahawks (quivered)
Armour
 b - a +0 scale mail (worn)
 c - a +0 shield (worn)
 d - a +0 pair of gloves (worn)
 t - a +0 helmet (worn)
 A - the cursed +0 chain mail of the Princeling {rF+ rC+ rCorr Int+4, unknown}
   (You found it on level 5 of the Dungeon)

   It affects your intelligence (+4).
   It protects you from fire.
   It protects you from cold.
   It protects you from acid and corrosion.
   It has a curse placed upon it.
Wands
 w - a wand of random effects (34)
Scrolls
 j - a scroll of amnesia
 k - a scroll of random uselessness {unknown}
 l - 6 scrolls of remove curse
 p - a scroll of enchant armour {unknown}
 r - 2 scrolls of identify
 s - a scroll of magic mapping
 z - a scroll of fear {unknown}
Potions
 e - a potion of cancellation {unknown}
 i - a potion of haste {unknown}
 m - a potion of resistance {unknown}
 o - a potion of heal wounds {unknown}
 v - 2 potions of flight {unknown}
 x - a potion of lignification {unknown}
 B - a potion of invisibility
 C - a potion of mutation {unknown}
Books
 q - a Grand Grimoire

   Spells                             Type                      Level
   a - Monstrous Menagerie            Summoning                    7
   b - Summon Greater Demon           Summoning                    7
   c - Malign Gateway                 Summoning/Translocation      7
   d - Summon Horrible Things         Summoning                    8
Comestibles
 f - 3 bread rations
 g - 4 fruits
 h - a royal jelly
 n - 2 meat rations


   Skills:
 - Level 2.6 Fighting
 + Level 6.6 Maces & Flails
 - Level 2.4 Armour
 - Level 2.6 Shields
 - Level 3.0 Spellcasting


You had 12 spell levels left.
You didn't know any spells.

Dungeon Overview and Level Annotations

Branches:
Dungeon (5/15)
 Temple: D:4-7

Altars:
Elyvilon
Fedhas
Trog
Uskayaw


Innate Abilities, Weirdness & Mutations

You have extremely sharp teeth.
Your natural rate of healing is unusually fast.
When hurt, damage is shared between your health and your magic reserves.
Your bite disrupts and absorbs the magic of your enemies.
Potions cannot restore your health.
You are immune to rotting.


Message History

As you read the scroll labeled RANOTE OLUM REDUW, it crumbles to dust.
It is a scroll of identify.
B - 2 potions of invisibility Something hits you but does no damage.
The orc priest hits you with a flail.
* * * LOW HITPOINT WARNING * * *
You fade into invisibility!
Something hits you but does no damage. You block the orc priest's attack.
Something hits you but does no damage.
You are very lightly contaminated with residual magic.
A magic dart appears from out of thin air!
The magic dart hits you!
* * * LOW HITPOINT WARNING * * *
A puff of frost appears from out of thin air!
The puff of frost hits the orc priest.
A puff of flame appears from out of thin air!
The puff of flame hits the orc priest.
The orc priest shouts!
A puff of frost appears from out of thin air!
The puff of frost hits you!
You die...

##'# #....... ######..# ##...##
##....... ##.## #..# ##.....##
#.......# ##.#.###..#
#<......###.##....# #.#.......#
.........##.#.....######........#
.........')).......<.))..........
.........##.#.....#######.#...#.#
#.......###.##.#..# #.##.##.#
##.....## #o....@.# #.#####.#
##...## ######.## #.# #.# ##'##
#.# #.# #.# #. #.# #.# #.# #[ #.#
#.# #.# #o #.# .. #)# {. #.# o.


You could see an orc priest.

Vanquished Creatures
  Menkaure (D:5)
  A phantom (D:5)
  2 scorpions (D:5)
  A crimson imp (D:5)
  An orc priest (D:5)
  A centaur skeleton (D:5)
  An orc wizard (D:5)
  A worker ant (D:5)
  Robin (D:2)
  7 adders
  A worm (D:3)
  A dart slug (D:1)
  3 leopard geckos
  8 orcs
  5 bats
  2 giant cockroaches (D:2)
  9 goblins
  6 hobgoblins
  4 jackals (D:5)
  3 kobolds
  A quokka (D:2)
  3 frilled lizards
  5 rats
68 creatures vanquished.

Notes
Turn   | Place    | Note
-------+----------+-------------------------------------------
     0 | D:1      | Laiders the Vine Stalker Fighter began the quest for the Orb.
     0 | D:1      | Reached XP level 1. HP: 11/11 MP: 2/2
    56 | D:1      | Reached skill level 2 in Maces & Flails
   166 | D:1      | Reached skill level 1 in Spellcasting
   166 | D:1      | Reached XP level 2. HP: 14/16 MP: 2/4
   732 | D:2      | Reached XP level 3. HP: 19/19 MP: 6/6
  1108 | D:2      | Found a faded altar of an unknown god.
  1181 | D:2      | Noticed Robin
  1189 | D:2      | Killed Robin
  1189 | D:2      | Gained mutation: Your natural rate of healing is unusually fast. [Vine Stalker growth]
  1189 | D:2      | Reached XP level 4. HP: 23/23 MP: 8/8
  1195 | D:2      | Reached skill level 3 in Maces & Flails
  1455 | D:2      | Found a bloodstained altar of Trog.
  1932 | D:3      | Reached XP level 5. HP: 27/27 MP: 10/10
  2074 | D:3      | You fall through a shaft for 2 floors!
  2074 | D:5      | Entered Level 5 of the Dungeon
  2101 | D:5      | Reached skill level 4 in Maces & Flails
  2190 | D:5      | Noticed Menkaure
  2204 | D:5      | Killed Menkaure
  2204 | D:5      | Reached skill level 5 in Maces & Flails
  2204 | D:5      | Reached XP level 6. HP: 16/32 MP: 8/11
  2365 | D:4      | Found a white marble altar of Elyvilon.
  2365 | D:4      | Found a hide-covered altar of Uskayaw.
  2368 | D:4      | Found a blossoming altar of Fedhas.
  2646 | D:5      | Got a warped chain mail
  2755 | D:5      | Reached XP level 7. HP: 35/35 MP: 12/12
  2814 | D:5      | Reached skill level 6 in Maces & Flails
  2887 | D:5      | HP: 1/35 [something/magic dart (5)]
  2892 | D:5      | Killed from afar by an orc wizard

Vault maps used:
D:1:      minmay_arrival_diagonal_passages
D:2:      lemuel_round_altar, chequers_ecumenical_altar_simple,
          kennysheep_generic_room_12, uniq_robin
D:3:      uniq_natasha
D:4:      nicolae_overflow_hidden_temple, minmay_temple_entry_butterflies
D:5:      first_bread, bh_walls_and_bars, uniq_menkaure

Skill      XL: |  1  2  3  4  5  6  7 |
---------------+----------------------+-----
Maces & Flails | 2 3 5 6 |  6.6
Spellcasting   | 1 2 3 |  3.0
Fighting       | |  2.6
Armour         | |  2.4
Shields        | |  2.6

Action                   |  1- 3 |  4- 6 |  7- 9 || total
-------------------------+-------+-------+-------++-------
Melee: Flail             |    64 |   127 |    43 ||   234
       Bite              |    12 |    36 |    14 ||    62
  Use: Scroll            |     1 |     2 |     1 ||     4
       Potion            |     1 |     1 |     1 ||     3
  Eat: Chunk             |     1 |     5 |     1 ||     7
Armor: Scale mail        |    27 |    59 |    22 ||   108
Dodge: Dodged            |    17 |    40 |     9 ||    66
Block: Shield            |    39 |    67 |    11 ||   117

Table legend:
 A = Spawn XP
 B = Non-spawn XP
 C = Spawn XP percentage of total XP
 D = Spawn monster count
 E = Non-spawn monster count
 F = Spawn count percentage of total count
 G = Total turns spent on level
                    A         B        C        D         E        F      G
               +---------+---------+-------+---------+---------+-------+---------
         Total |       0 |     854 |   0.0 |       0 |      68 |   0.0 |  2892
               +---------+---------+-------+---------+---------+-------+---------
           D:1 |       0 |      23 |   0.0 |       0 |      11 |   0.0 |   701
           D:2 |       0 |     123 |   0.0 |       0 |      30 |   0.0 |   991
           D:3 |       0 |      20 |   0.0 |       0 |       8 |   0.0 |   382
           D:5 |       0 |     688 |   0.0 |       0 |      19 |   0.0 |   786
               +---------+---------+-------+---------+---------+-------+---------
